 Dungeon Crawl Stone Soup version 0.24-a0-245-gb50751227d (webtiles) character file.

Game seed: 9758742797724687980

30 docpaisley the Firebug (level 3, -4/24 HPs)
             Began as a Human Fire Elementalist on Apr 10, 2019.
             Slain by an orc warrior
             ... wielding a +0 short sword
              (18 damage)
             ... on level 1 of the Dungeon on Apr 12, 2019.
             The game lasted 00:06:58 (1127 turns).

docpaisley the Firebug (Human Fire Elementalist)    Turns: 1127, Time: 00:06:59

Health: -4/24      AC:  4    Str:  8    XL:     3   Next: 37%
Magic:  0/6        EV: 12    Int: 16    God:
Gold:   89         SH:  0    Dex: 13    Spells: 3/6 levels left

rFire    . . .     SeeInvis .   a - +0 short sword
rCold    . . .     Gourm    .   (no shield)
rNeg     . . .     Faith    .   j - +0 leather armour
rPois    .         Spirit   .   d - +0 helmet
rElec    .         Reflect  .   (no cloak)
rCorr    .         Harm     .   (no gloves)
MR       .....                  (no boots)
Stlth    ++........             (no amulet)
HPRegen  0.08/turn              (no ring)
MPRegen  0.10/turn              (no ring)

@: very slightly contaminated
A: no striking features
a: no special abilities


You were on level 1 of the Dungeon.
You were not hungry.

You visited 1 branch of the dungeon, and saw 2 of its levels.

You collected 89 gold pieces.

Inventory:

Hand Weapons
 a - a +0 short sword (weapon)
 b - a +0 hunting sling
Armour
 d - a +0 helmet (worn)
 g - a +0 robe
 j - a +0 leather armour (worn)
Scrolls
 e - a scroll of immolation {unknown}
 k - a scroll of remove curse {unknown}
 m - 3 scrolls of identify {unknown}
 n - a scroll of fear {unknown}
 o - a scroll of fog {unknown}
 q - a scroll of teleportation {unknown}
Potions
 f - 2 potions of brilliance {unknown}
 h - a potion of mutation {unknown}
 i - a potion of degeneration {unknown}
 l - a potion of might {unknown}
Comestibles
 c - a ration
 p - 2 chunks of flesh


   Skills:
 - Level 2.1 Dodging
 - Level 2.0 Stealth
 - Level 2.1 Spellcasting
 + Level 2.3 Conjurations
 - Level 3.3 Fire Magic


You had 3 spell levels left.
You knew the following spells:

 Your Spells              Type           Power        Failure   Level  Hunger
a - Flame Tongue          Conj/Fire      ##...        10%         1    #......
b - Throw Flame           Conj/Fire      ##....       14%         2    ###....

Your spell library contained the following spells:

 Spells                   Type           Power        Failure   Level  Hunger
 Conjure Flame            Conj/Fire      ##......     28%         3    ###....
 Inner Flame              Hex/Fire       #.......     41%         3    ###....
 Sticky Flame             Conj/Fire      ##......     67%         4    #####..
 Fireball                 Conj/Fire      ##........   95%         5    ######.


Dungeon Overview and Level Annotations

Branches:
Dungeon (2/15)

Altars:


Message History

The orc warrior closely misses you. The orc misses you.
You climb upwards.
There is a stone staircase leading down here.
Casting: Flame Tongue (safe; 10% risk of failure)
Confirm with . or Enter, or press ? or * to list all spells.
Aiming: Flame Tongue (safe; 10% risk of failure)
Press: ? - help, Shift-Dir - straight line, f - orc warrior
Aim: an orc warrior, wielding a +0 short sword and wearing a +0 plate armour You miscast Flame Tongue.
You smell smoke.
The orc warrior hits you with a +0 short sword!
Casting: Flame Tongue (safe; 10% risk of failure)
Confirm with . or Enter, or press ? or * to list all spells.
Aiming: Flame Tongue (safe; 10% risk of failure)
Press: ? - help, Shift-Dir - straight line, f/p - orc warrior
Aim: an orc warrior, wielding a +0 short sword and wearing a +0 plate armour The flame tongue hits the orc warrior.
The orc warrior is lightly wounded.
The orc warrior hits you with a +0 short sword!!
Ouch! That really hurt!
You die...

........# #.###.##....#.#..#.#..
........# #..##.#######†#..#.#.#
...#...## ##.##.......#.#..#.#.#
.......# #.##.#####.#.#..#.#.#
....††.######..#.#...#.#.#..#.⌠.'
...+...+.......#.#..............#
...#...#######...###.#.#.#.#....#
........# #...#.#.#.#...+....#
).......# #(o@..#'#+#####....#
........# #####...............
#.....### ##.......####'##
#.....# #.......###...#
.#....##############'#######.....
............(........# #.....
.#.################### #.....
.#.# ##...# .#.# #####


You could see an orc warrior.

Vanquished Creatures
  An ooze (D:1)
  An orc (D:2)
  A ball python (D:1)
  A giant cockroach (D:1)
  5 goblins (D:1)
  3 hobgoblins (D:1)
  7 bats
  2 frilled lizards (D:1)
  4 kobolds
25 creatures vanquished.

Notes
Turn   | Place    | Note
-------+----------+-------------------------------------------
     0 | D:1      | docpaisley the Human Fire Elementalist began the quest for
                  | the Orb.
     0 | D:1      | Reached XP level 1. HP: 13/13 MP: 3/3
    42 | D:1      | Upgraded the game from 0.24-a0-244-ga6a6ab7d13 to
                  | 0.24-a0-245-gb50751227d
   354 | D:1      | Reached XP level 2. HP: 19/19 MP: 1/5
   358 | D:1      | Learned a level 2 spell: Throw Flame
   803 | D:1      | Reached XP level 3. HP: 24/24 MP: 3/6
  1119 | D:2      | Noticed an orc warrior
  1127 | D:1      | Slain by an orc warrior

Levels and vault maps discovered:
D:1:      noname_arrival_rooms_in_the_neighbourhood, layout_basic,
          minmay_misc_feat_secret_circle
D:2:      cheibrodos_fertilizer, layout_basic, grunt_ministairs_7, st_stairs_9,
          minmay_misc_feat_cross, chequers_serial_rivers_micro_e

Skill      XL: |  1  2  3 |
---------------+----------+-----
Conjurations   | 2 |  2.3
Dodging        | |  2.1
Stealth        | |  2.0
Spellcasting   | |  2.1
Fire Magic     | |  3.3

Action                   || total
-------------------------++-------
Melee: Unarmed           ||    27
       Short sword       ||    19
 Cast: Flame Tongue      ||    28
 Stab: Sleeping          ||     1
  Eat: Chunk             ||     1
Armor: Leather armour    ||    13
Dodge: Dodged            ||    50

Table legend:
 A = Non-vault XP
 B = Vault XP
 C = Vault XP percentage of total XP
 D = Non-vault monster count
 E = Vault monster count
 F = Vault count percentage of total count
                 A         B        C        D         E       F
            +---------+---------+-------+---------+---------+-------
      Total |      42 |       2 |   4.5 |      23 |       2 |   8.0
            +---------+---------+-------+---------+---------+-------
        D:1 |      39 |       0 |   0.0 |      22 |       0 |   0.0
        D:2 |       3 |       2 |  40.0 |       1 |       2 |  66.7
            +---------+---------+-------+---------+---------+-------
